 Dungeon Crawl Stone Soup version 0.28-b1-25-g9875b3fc8c (webtiles) character file.

Game seed: 4778581938474769983

207 inmateoo the Conjurer (level 5, 0/22 HPs)
             Began as a Felid Conjurer on Feb 6, 2022.
             Slain by a gnoll (12 damage)
             ... on level 4 of the Dungeon.
             The game lasted 00:05:51 (3841 turns).

inmateoo the Conjurer (Felid Conjurer)              Turns: 3841, Time: 00:05:52

Health: 0/22       AC:  2    Str:  3    XL:     5   Next: 54%
Magic:  3/12       EV: 18    Int: 22    God:
Gold:   128        SH:  0    Dex: 14    Spells: 5/12 levels left
                                        Lives:  0   Deaths: 1

rFire   . . .      SeeInvis +   (weapon unavailable)
rCold   . . .      Faith    .   (shield unavailable)
rNeg    . . .      Spirit   .   (armour unavailable)
rPois   .          Reflect  .   (helmet unavailable)
rElec   .          Harm     .   (cloak unavailable)
rCorr   .          Rampage  .   (gloves unavailable)
Will    .....                   (boots unavailable)
Stlth   +++.......              (no amulet)
HPRegen 0.07/turn               (no ring)
MPRegen 0.13/turn               (no ring)

@: quick
A: very small, claws 1, fangs 3, see invisible, speed 1, shaggy fur 2, stealthy
paws, no weapons or thrown items, no armour, multi-lived
a: no special abilities


You were on level 4 of the Dungeon.
You visited 1 branch of the dungeon, and saw 4 of its levels.

You collected 128 gold pieces.

Inventory:

Scrolls
 b - a scroll of fog {unknown}
 d - a scroll of fear {unknown}
 h - 4 scrolls of teleportation {unknown}
 i - 3 scrolls of identify {unknown}
 l - a scroll of holy word {unknown}
Potions
 a - a potion of invisibility {unknown}
 c - a potion of ambrosia {unknown}
 e - 4 potions of curing {unknown}
 f - a potion of heal wounds {unknown}
 g - 2 potions of flight {unknown}
 j - 2 potions of brilliance {unknown}
 k - a potion of resistance {unknown}


   Skills:
 + Level 1.3 Fighting
 + Level 3.7 Dodging
 - Level 4.0 Stealth
 * Level 4.1 Spellcasting
 + Level 4.8 Conjurations
 + Level 1.1 Fire Magic


You had 5 spell levels left.
You knew the following spells:

 Your Spells              Type           Power      Damage    Failure   Level
a - Magic Dart            Conj           100%       1d8       1%          1
b - Searing Ray           Conj           50%        2d6       2%          2
c - Flame Wave            Conj/Fire      17%        2d6       32%         4

Your spell library contained the following spells:

 Spells                   Type           Power      Damage    Failure   Level
 Foxfire                  Conj/Fire      68%        2x1d7     3%          1
 Conjure Flame            Conj/Fire      17%        6-21      10%         3
 Dazzling Flash           Conj/Hex       30%        N/A       12%         3
 Blink                    Tloc           8%         N/A       17%         2
 Inner Flame              Hex/Fire       7%         N/A       26%         3
 Lesser Beckoning         Tloc           4%         N/A       32%         3
 Fulminant Prism          Conj/Hex       7%         3d7       38%         4
 Iskenderun's Mystic Bla  Conj/Tloc      15%        2d5       38%         4
 Manifold Assault         Tloc           4%         N/A       97%         5


Dungeon Overview and Level Annotations

Branches:
Dungeon (4/15)
 Temple: D:4-7

Altars:
Nemelex Xobeh


Innate Abilities, Weirdness & Mutations

You have sharp claws.
You have razor-sharp teeth.
You have supernaturally acute eyesight. (SInv)
You cover ground quickly. (Speed+)
You are covered in thick fur. (AC +2)
Your paws help you pounce on unaware monsters.
You are incapable of wielding weapons or throwing items.
You cannot wear armour.
You gain extra lives every three experience levels.


Message History

The gnoll barely misses you.
There is an open door here.
The gnoll shouts!
Casting: Magic Dart (safe; 1% risk of failure)
Confirm with . or Enter, or press ? or * to list all spells.
Aiming: Searing Ray (safe; 2% risk of failure)
Press: ? - help, Shift-Dir - straight line, f/p - gnoll
Aim: a gnoll, wielding a +0 club (lightly wounded, 82% to hit)
The searing ray hits the gnoll.
The gnoll is moderately wounded. (Press . to maintain the ray.)
The searing ray hits the gnoll.
The gnoll is severely wounded.
The searing ray hits the gnoll!
The gnoll is severely wounded.
The searing ray hits the gnoll!
You kill the gnoll!
The searing ray hits the gnoll.
The gnoll is almost dead.
The searing ray hits the gnoll.
You kill the gnoll!
You finish channelling your searing ray.
Casting: Searing Ray (safe; 2% risk of failure)
Confirm with . or Enter, or press ? or * to list all spells.
Aiming: Searing Ray (safe; 2% risk of failure)
Press: ? - help, Shift-Dir - straight line, f - gnoll
Aim: a gnoll, wielding a +0 halberd (82% to hit)
The searing ray misses the gnoll. (Press . to maintain the ray.)
The searing ray hits the gnoll.
The gnoll is moderately wounded.
The searing ray hits the gnoll.
The gnoll is severely wounded.
The gnoll hits you from afar with a +0 halberd!
The searing ray hits the gnoll.
The gnoll is almost dead.
You finish channelling your searing ray.
The gnoll hits you from afar with a +0 halberd!
Ouch! That really hurt!
You die...

....#...###......#...##.#....####
.##.........####.#...##[#....'...
..##........####......#.#....####
...#..........................>..
..!#####....####........###.##..#
....# #....# #.........##.....#
....# #....# #......##.##.....#
.##### #....# #......##.##.....#
##..⌠# ##.... #@##...##.##.##..#
.....# #.... #.#######.##.##..#
.....# ##... #g# #.##.##..#
.#...## .... #)# #..#.##..#
.#....# ....##'########.#.##.##
.##...# ...............#...####.
..#...# ...............#...###..
..#...# ...................##...
†.#...# ...............#...##..≈


You could see a gnoll.

Vanquished Creatures
  An ogre (D:4)
  2 hounds (D:4)
  An orc wizard (D:3)
  2 hound skeletons (D:4)
  2 gnolls (D:4)
  A howler monkey skeleton (D:4)
  4 adders
  A worm (D:3)
  A dart slug (D:1)
  5 orcs
  4 bats
  4 endoplasms
  3 giant cockroaches
  11 goblins
  5 hobgoblins
  6 jackals
  3 quokkas
  8 ball pythons
  3 frilled lizards
  6 kobolds
  6 rats
79 creatures vanquished.

Notes
Turn   | Place    | Note
-------+----------+-------------------------------------------
     0 | D:1      | inmateoo the Felid Conjurer began the quest for the Orb.
     0 | D:1      | Reached XP level 1. HP: 7/7 MP: 4/4
   225 | D:1      | Reached XP level 2. HP: 11/11 MP: 3/6
   787 | D:1      | Reached XP level 3. HP: 13/14 MP: 4/7
   790 | D:1      | Learned a level 2 spell: Searing Ray
  1477 | D:2      | Reached XP level 4. HP: 13/18 MP: 1/9
  2858 | D:4      | Reached XP level 5. HP: 20/21 MP: 5/11
  2875 | D:4      | Learned a level 4 spell: Flame Wave
  3006 | D:4      | Noticed an ogre
  3019 | D:4      | Killed an ogre
  3020 | D:4      | Reached skill level 1 in Fighting
  3326 | D:4      | Gained mutation: You are covered in thick fur. (AC +2)
                  | [Felid growth]
  3326 | D:4      | Reached XP level 6. HP: 25/25 MP: 5/12
  3330 | D:4      | Killed from afar by an orc wizard
  3331 | D:4      | Reached XP level 5. HP: -4/22 MP: 1/11
  3580 | D:4      | Found a sparkling altar of Nemelex Xobeh.
  3630 | D:4      | Reached skill level 1 in Fire Magic
  3841 | D:4      | Slain by a gnoll

Illustrated notes

Levels and vault maps discovered:
D:1:      tarquinn_simple_flora_water_e, layout_loops_cross
D:2:      layout_loops_ring
D:3:      layout_loops_cross
D:4:      kennysheep_spiral_hall, layout_basic, nemelex_diamond_rough_becter,
          kennysheep_donut

Skill      XL: |  1  2  3  4  5 |
---------------+----------------+-----
Stealth        | 3 4 |  4.0
Dodging        | 3 |  3.7
Conjurations   | 4 |  4.8
Spellcasting   | 3 4 |  4.1
Fighting       | 1 |  1.3
Fire Magic     | 1 |  1.1

Action                   |  1- 3 |  4- 6 || total
-------------------------+-------+-------++-------
Melee: Unarmed           |     1 |     3 ||     4
 Cast: Magic Dart        |    73 |    80 ||   153
       Searing Ray       |     2 |    14 ||    16
Armor: Skin              |       |     2 ||     2
Dodge: Dodged            |    14 |    30 ||    44
